Map: World of Sleepers LE

Players

ChumbiWayo

  • Race: Terran Terran
  • League: Platinum
  • Spawn Location: 7:00

Makanoft - Winner!

  • Race: Zerg Zerg
  • League: Platinum
  • Spawn Location: 1:00

VOD

Have the link to the VOD?

Description

Time

  • Played on: Aug. 22, 2019, 1:29 p.m.
  • Length: 23:53
Show
View Real Time Build Order
Export as new Build Order

ChumbiWayo Terran 

Build Orders: Liberator Opening 

Get SALT Encoding   

  12  0:01  SCV  
  13  0:13  SCV  
  14  0:18  Supply Depot  
  14  0:25  SCV  
  15  0:28  Refinery  
  15  0:40  SCV  
  16  0:45  Barracks  
  16  0:52  SCV  
  18  1:04  SCV  
  18  1:08  Supply Depot  
  18  1:16  SCV  
  19  1:28  SCV  
  20  1:37  Barracks Reactor  
  20  1:41  Orbital Command, Refinery  
  20  1:48  Factory  
  20  2:15  Marine  
  20  2:16  Marine  
  20  2:21  Command Center  
  22  2:28  SCV  
  23  2:39  Starport  
  23  2:41  Barracks Tech Lab  
  23  2:45  Hellion  
  23  2:48  SCV  
  26  2:53  Hellion  
  28  3:00  SCV  
  29  3:08  Supply Depot  
  29  3:10  Hellion  
  31  3:31  Liberator, SCV  
  31  3:33  Orbital Command  
  32  3:42  Fusion Core, Hellion x2  
  39  4:03  Hellion x2  
  39  4:07  SCV  
  39  4:08  SCV  
  45  4:16  Supply Depot  
  45  4:33  Supply Depot  
  45  4:46  SCV x2  
  45  4:49  Bunker  
  47  5:23  Battlecruiser  
  53  5:34  Factory Tech Lab, Factory  
  41  5:43  Marine  
  40  6:01  Marine  
  38  6:08  Supply Depot  
  38  6:17  SCV x2, Barracks x2  
  40  6:20  Refinery  
  40  6:22  Refinery  
  40  6:29  SCV x2  
  40  6:30  Supply Depot  
  42  6:41  SCV x2  
  48  6:47  Hellion x2  
  48  6:49  Siege Tank  
  48  6:53  SCV, Supply Depot  
  48  6:54  SCV  
  47  7:09  Barracks Tech Lab x2  
  47  7:13  Engineering Bay  
  47  7:16  Engineering Bay  
  47  7:21  Siege Tank  
  50  7:29  Barracks, Hellion x2  
  54  7:31  Barracks Reactor  
  54  7:39  Stimpack, Combat Shield  
  54  7:40  Marine x2  
  51  7:53  Siege Tank  
  51  7:58  Marine x2  
  30  8:10  SCV x2  
  32  8:15  Marine x2  
  32  8:16  Marine x2  
  36  8:22  SCV x2  
  36  8:25  Siege Tank  
  41  8:32  Marine  
  41  8:33  Marine  
  41  8:34  Marine x2  
  40  8:35  Marine  
  37  8:50  Marine x2  
  37  8:51  Marine  
  37  8:52  Marine  
  37  8:53  Marine  
  42  8:56  SCV x2  
  42  9:01  Siege Tank  
  43  9:08  Marine x2, SCV  
  43  9:09  Marine x2  
  47  9:11  Marine  
  48  9:20  SCV x2  
  47  9:26  Marine x2  
  47  9:27  Marine x2, Bunker  
  51  9:32  SCV x2  
  53  9:50  SCV x2  
  55  9:56  Supply Depot  
  55  10:02  SCV x2  
  55  10:06  Medivac x2  
  61  10:12  Siege Tank x2  
  68  10:14  SCV x2  
  69  10:26  SCV x2  
  69  10:31  Supply Depot  
  69  10:34  Marine x5  
  74  10:38  SCV  
  74  10:39  Terran Infantry Weapons Level 1  
  75  10:51  Marine  
  75  10:52  Marine x4  
  80  11:08  Terran Infantry Armor Level 1  
  80  11:17  Supply Depot  
  80  11:25  Command Center  
  73  11:40  Marine x2  
  73  11:41  Marine x3  
  68  11:58  Marine x2  
  67  12:04  Marine x3  
  66  12:11  Supply Depot  
  66  12:16  Marine x2  
  66  12:22  Marine x2  
  70  12:32  Marine  
  70  12:33  SCV, Hi-Sec Auto Tracking  
  70  12:34  Marine x2  
  74  12:38  Missile Turret  
  74  12:40  Marine x2  
  76  12:44  Bunker  
  76  12:45  SCV  
  76  12:50  Marine  
  78  12:51  Supply Depot  
  78  12:57  SCV  
  78  12:58  SCV  
  80  13:09  SCV  
  80  13:10  Marine, SCV  
  80  13:11  Marine x4  
  87  13:21  SCV  
  88  13:28  Marine  
  88  13:34  SCV x2  
  91  13:46  Supply Depot  
  91  13:48  Siege Tank  
  91  13:49  Siege Tank  
  85  14:14  Marine x5  
  73  14:31  Marine, Command Center  
  73  14:32  Marine x3  
  73  14:35  Siege Tank  
  80  14:47  Medivac x2  
  84  14:59  Supply Depot  
  84  15:12  Siege Tank x2  
  84  15:13  Marine x4  
  94  15:20  Marine, Medivac  
  97  15:22  Supply Depot  
  97  15:27  Supply Depot  
  97  15:31  Marine x4  
  101  15:49  SCV x2, Supply Depot  
  104  15:52  Planetary Fortress  
  103  16:01  Armory  
  103  16:11  Supply Depot  
  103  16:14  Supply Depot  
  103  16:30  SCV x2  
  103  16:31  SCV  
  106  16:34  Supply Depot  
  106  16:37  Supply Depot  
  106  16:43  SCV x3  
  107  16:55  SCV x3  
  110  17:02  Siege Tank x2, Medivac  
  110  17:03  Marine x3, Medivac  
  110  17:07  SCV x3  
  126  17:19  SCV x2  
  69  17:36  Command Center  
  64  17:38  Marine x4  
  64  17:39  Terran Infantry Weapons Level 2  
  64  17:40  Terran Infantry Armor Level 2  
  64  17:43  Marine  
  69  17:55  Marine  
  69  17:56  Marine x2  
  69  17:58  Barracks Reactor  
  72  18:01  Marine  
  73  18:16  Terran Vehicle Weapons Level 1  
  77  18:23  Marine x3  
  77  18:24  Marine x2  
  78  18:34  SCV x2  
  79  18:41  Marine  
  81  18:50  Orbital Command  
  81  18:51  SCV x2  
  82  19:03  SCV x2  
  82  19:04  Siege Tank  
  82  19:05  Siege Tank  
  82  19:06  Marine x5  
  95  19:35  Supply Depot  
  95  19:37  Marine x5  
  100  19:43  SCV x2  
  100  19:44  SCV  
  103  19:54  Marine  
  103  19:55  Marine x4  
  103  19:58  Supply Depot  
  108  20:00  Terran Infantry Weapons Level 3  
  108  20:11  Refinery  
  108  20:12  Marine x2  
  108  20:13  Marine  
  111  20:15  SCV x2, Refinery  
  111  20:16  SCV  
  114  20:24  Marine x2  
  114  20:27  SCV x2  
  114  20:28  SCV  
  119  20:30  Marine x3  
  122  20:39  Command Center, SCV  
  123  20:44  Command Center  
  123  20:54  Supply Depot  
  123  21:01  Siege Tank x2  
  131  21:08  Marine x5  
  134  21:26  Marine x5  
  134  21:28  Missile Turret  
  104  21:53  Marine x2  
  104  21:54  Marine x3  
  101  22:02  Supply Depot  
  101  22:03  Supply Depot  
  101  22:04  Supply Depot  
  101  22:05  Supply Depot  
  101  22:08  Supply Depot  
  101  22:11  Marine x2  
  103  22:34  Siege Tank x2  
  79  23:06  Siege Tank x2  
  77  23:17  Marine x3  
  51  23:35  Marine x3  
Show
View Real Time Build Order
Export as new Build Order

Makanoft Zerg - Winner!

Build Orders: Hatch First 

Get SALT Encoding   

  12  0:01  Drone  
  13  0:10  Drone  
  14  0:17  Extractor  
  14  0:18  Drone  
  15  0:22  Overlord  
  15  0:41  Drone  
  15  0:42  Drone  
  17  0:55  Hatchery  
  16  1:01  Drone  
  16  1:02  Drone  
  18  1:15  Spawning Pool, Extractor  
  16  1:20  Drone  
  16  1:24  Drone  
  18  1:28  Drone  
  19  1:41  Drone  
  20  1:49  Overlord  
  20  2:03  Drone  
  21  2:09  Drone  
  21  2:10  Queen x2  
  21  2:12  Zergling x2  
  27  2:29  Drone x2  
  29  2:31  Hatchery  
  28  2:39  Overlord  
  28  2:40  Drone x2  
  30  2:45  Metabolic Boost  
  30  2:55  Drone x3  
  33  3:02  Queen  
  33  3:04  Drone  
  36  3:06  Drone  
  37  3:18  Zergling x2  
  37  3:19  Zergling x2  
  39  3:24  Zergling x4  
  40  3:29  Zergling x6  
  43  3:36  Overlord  
  43  3:47  Zergling x6  
  46  4:00  Zergling x12  
  46  4:01  Queen  
  54  4:05  Drone  
  54  4:09  Drone  
  56  4:12  Drone  
  57  4:23  Overlord x3  
  57  4:31  Queen  
  57  4:37  Drone x3  
  58  4:40  Queen  
  60  4:47  Zergling x10  
  65  4:53  Extractor, Drone x2  
  65  4:54  Drone x2  
  65  4:58  Extractor  
  67  5:05  Drone x4  
  71  5:13  Drone x2  
  73  5:25  Lair  
  73  5:27  Zergling x4  
  73  5:28  Zergling x4  
  61  5:47  Zergling x10  
  61  5:48  Zergling x2  
  66  6:00  Spore Crawler  
  66  6:02  Zergling x6  
  66  6:03  Zergling x10  
  72  6:21  Drone x2  
  72  6:22  Drone x4  
  72  6:23  Drone  
  79  6:31  Nydus Network  
  78  6:36  Pneumatized Carapace  
  75  6:57  Overlord x3  
  70  7:04  Zergling x6  
  70  7:05  Drone  
  74  7:10  Overlord  
  74  7:15  Spore Crawler  
  73  7:16  Extractor  
  72  7:24  Evolution Chamber  
  72  7:28  Nydus Canal  
  71  7:35  Evolution Chamber  
  70  7:40  Zergling x14  
  70  7:41  Zergling x10  
  79  7:52  Zergling x8  
  73  8:01  Zergling x2  
  67  8:10  Zergling x6  
  67  8:11  Zergling x6  
  73  8:14  Zerg Ground Armor Level 1  
  73  8:23  Nydus Canal  
  73  8:29  Zergling x6  
  73  8:30  Zergling x4  
  73  8:32  Zerg Melee Weapons Level 1  
  76  8:37  Nydus Canal  
  76  8:41  Zergling x12  
  72  8:53  Zergling x6  
  75  9:02  Zergling x4  
  71  9:03  Zergling x2  
  71  9:05  Nydus Canal  
  68  9:15  Hatchery  
  68  9:16  Hydralisk Den  
  58  9:26  Zergling x14  
  65  9:35  Zergling x10  
  70  9:39  Drone x3  
  70  9:43  Extractor  
  72  9:46  Drone  
  72  9:50  Drone x2  
  72  9:51  Queen  
  72  9:52  Queen x2  
  81  10:03  Hydralisk x6  
  88  10:31  Drone x5  
  88  10:32  Drone x2  
  95  10:37  Grooved Spines  
  95  10:38  Baneling Nest  
  95  10:40  Zerg Missile Weapons Level 1  
  95  10:41  Zerg Ground Armor Level 2  
  94  10:45  Zergling x14  
  94  10:46  Zergling x2  
  102  10:57  Extractor, Drone x2  
  102  11:01  Zergling x6  
  102  11:02  Hydralisk x2, Zergling x4  
  112  11:17  Nydus Canal  
  112  11:22  Overlord x3  
  112  11:29  Baneling x6  
  112  11:30  Baneling x2  
  112  11:31  Centrifical Hooks  
  89  11:55  Hydralisk x6  
  89  11:56  Hydralisk x5  
  105  12:07  Hydralisk  
  105  12:08  Hydralisk x5  
  114  12:21  Drone x5  
  119  12:26  Baneling x6  
  119  12:27  Baneling x4  
  119  12:34  Zerg Melee Weapons Level 2  
  119  12:36  Zergling x6  
  119  12:37  Zergling x2  
  123  12:46  Zergling x8  
  127  12:53  Hydralisk x4  
  135  13:01  Nydus Canal  
  135  13:04  Zergling x2  
  136  13:07  Overlord x3  
  136  13:24  Overlord x4  
  136  13:27  Baneling x2  
  136  13:28  Baneling x3  
  136  13:37  Zergling x10  
  136  13:38  Zergling x10, Hatchery  
  145  13:47  Muscular Augments  
  132  14:05  Zergling x14  
  132  14:06  Zergling x8  
  113  14:12  Zergling x4  
  92  14:22  Zergling x4  
  92  14:23  Zergling x8  
  90  14:27  Baneling x2  
  90  14:28  Baneling x4  
  90  14:30  Hydralisk x3  
  94  14:35  Nydus Canal  
  94  14:43  Zerg Missile Weapons Level 2  
  94  14:45  Zergling x10  
  98  14:46  Zergling x6  
  98  14:48  Baneling x4  
  98  14:49  Baneling x2  
  102  14:59  Hydralisk x2  
  102  15:00  Hydralisk x2  
  110  15:13  Drone  
  110  15:14  Drone x6  
  113  15:15  Drone x2  
  113  15:17  Drone x2  
  113  15:18  Drone  
  122  15:26  Zergling x4  
  122  15:27  Zergling x6  
  127  15:29  Baneling x4  
  127  15:35  Overseer  
  127  15:58  Zergling x4  
  127  15:59  Zergling x16  
  127  16:00  Zergling x12  
  127  16:03  Baneling x3  
  127  16:04  Baneling x8  
  143  16:26  Hatchery  
  143  16:31  Unknown  
  138  16:52  Hydralisk  
  138  16:53  Hydralisk x8  
  138  16:54  Hydralisk x8  
  152  16:55  Hydralisk  
  152  16:57  Zergling x2  
  173  17:04  Nydus Canal  
  152  17:26  Hydralisk x4  
  152  17:27  Hydralisk x9  
  146  17:34  Zergling x12  
  146  17:45  Infestation Pit  
  145  17:53  Zergling x8  
  145  17:54  Zergling x12  
  154  18:12  Zergling x12  
  160  18:13  Zergling x12  
  166  18:32  Zergling x8  
  166  18:33  Zergling x18  
  179  18:37  Hive  
  179  18:51  Extractor  
  179  18:54  Nydus Canal  
  174  19:05  Baneling x6  
  174  19:06  Baneling x9  
  174  19:07  Baneling x7  
  174  19:08  Baneling x8  
  174  19:09  Baneling x6  
  173  19:51  Overlord x3, Ultralisk Cavern  
  173  19:52  Overlord x4  
  172  19:53  Zergling x2  
  172  19:54  Zergling x16  
  172  19:55  Zergling x14  
  172  19:57  Overlord x5  
  188  20:11  Drone x5  
  188  20:12  Drone x5  
  198  20:30  Extractor  
  197  20:42  Zergling x4  
  198  20:43  Zergling x2  
  197  21:00  Zerg Ground Armor Level 3, Zerg Missile Weapons Level 3  
  176  21:37  Ultralisk x3  
  176  21:38  Ultralisk x3  
  185  21:47  Ultralisk x3  
  185  21:51  Ultralisk  
  179  22:04  Zergling x4  
  179  22:05  Ultralisk x2, Extractor  
  179  22:06  Zergling x2  
  193  22:13  Zergling x12  
  199  22:16  Baneling x3  
  199  22:19  Chitinous Plating  
  199  22:37  Zergling x2  
  194  22:50  Zergling x12  
  191  22:59  Zergling x12  
  191  23:00  Zergling x4  
  190  23:09  Zergling x2  
  190  23:10  Zergling x12  
  190  23:11  Zergling x2  
  178  23:16  Zergling x6  
  178  23:17  Zergling x16  
  178  23:18  Zergling x4  
  161  23:28  Zergling x10  
  161  23:31  Nydus Canal  
  153  23:47  Extractor  
Tags
 
Add a new tag
Caveats
  • Supply blocks, unpowered buildings, or Contaminate may cause inaccurate times.
  • Supply counts are checked every 10 seconds.